AoeStats
← Joey_did_it

Arena

510200467Analyzed
1v1 RM · 1d ago on Sep 29, 2026· 26m 43s· 2 players
Game mode
Random Map
Map size
Tiny (2 player)
Population
200
Speed
Normal
Resources
Standard
Victory
Conquest
Starting age
Dark Age
Ending age
Imperial Age
RankedLock teamsTeams togetherTeam positionsShared explorationLock speedFull tech treeHidden civsTurbo modeCheats
Victory
Defeat
🇵🇪 Ethiopians · Peru
925
+15
🇺🇸 Sicilians · United States
898
-39
Joey_did_it
15:53 Feudal Age
19:21 Wheelbarrow
lvezca77
10:29 Feudal Age
11:35 Double-Bit Axe
11:25 Man-at-Arms
14:43 Horse Collar
21:55 Castle Age
20:48 Fletching
20:58 Padded Archer Armor
22:19 Crossbowman
22:56 Loom
25:06 Wheelbarrow
Connection lost

Rejoining the realm…

Still unreachable

The connection could not be restored.

Session expired

The server has moved on; the page needs a fresh start.